 Dungeon Crawl Stone Soup version 0.30.0-5-g1a98f26d00 (webtiles) character file.

Game seed: 15432781282410784503

21 Juicyj the Chopper (level 2, -1/27 (28) HPs)
             Began as a Naga Berserker on May 12, 2023.
             Was a Follower of Trog.
             Slain by a jackal (2 damage)
             ... on level 1 of the Dungeon.
             The game lasted 00:01:16 (611 turns).

Juicyj the Chopper (Naga Berserker)                  Turns: 611, Time: 00:01:16

HP:   -1/27 (28)    AC:  1    Str: 19    XL:     2   Next: 87%
MP:   2/2           EV:  9    Int:  7    God:    Trog [*.....]
Gold: 27            SH:  0    Dex: 10    Spells: 1/1 levels left

rFire   . . .        a - +0 hand axe
rCold   . . .        (no shield)
rNeg    . . .        b - +0 animal skin
rPois   +            (no helmet)
rElec   .            (no cloak)
rCorr   .            (no gloves)
SInv    +            (no barding)
Will    .....        (no amulet)
Stlth   ++           (no ring)
HPRegen 0.24/turn    (no ring)
MPRegen 0.08/turn

%: no passive effects
@: lightly drained, very slow
A: AC +0, large, see invisible, deformed body, poison resistance, slowness 2,
spit poison 1, naga tail 1
a: Spit Poison, Renounce Religion, Berserk


You were on level 1 of the Dungeon.
You worshipped Trog.
Trog was aware of your devotion.
You visited 1 branch of the dungeon, and saw 1 of its levels.

You collected 27 gold pieces.

Inventory:

Hand Weapons
 a - a +0 hand axe (weapon)
Armour
 b - a +0 animal skin (worn)
Scrolls
 f - 3 scrolls of vulnerability {unknown}
 g - a scroll of enchant weapon {unknown}
 h - a scroll of identify {unknown}
Potions
 c - a potion of berserk rage {unknown}
 d - a potion of cancellation {unknown}
 e - a potion of brilliance {unknown}
 i - a potion of attraction {unknown}


   Skills:
 + Level 3.2 Fighting
 + Level 3.3 Axes
 + Level 1.7 Armour
 + Level 1.7 Dodging
 * Level 1.4 Stealth


You had one spell level left.
You didn't know any spells.
Your spell library was empty.

Dungeon Overview and Level Annotations

Branches:
Dungeon (1/15)

Altars:


Innate Abilities, Weirdness & Mutations

Your serpentine skin is tough. (AC +0)
You have supernaturally acute eyesight. (SInv)
Armour fits poorly on your strangely shaped body.
Your system is resistant to poisons. (rPois)
You cover ground very slowly.
You can spit poison.
You have a snake-like lower body.


Message History

The jackal is moderately wounded.
You hit the giant cockroach. You closely miss the jackal. The jackal bites you.
The giant cockroach closely misses you. The jackal barely misses you.
You hit the giant cockroach.
You kill the giant cockroach!
Trog accepts your kill.
You hit the jackal.
You kill the jackal!
Trog accepts your kill.
You barely miss the jackal. The jackal bites you. x2
You hit the jackal.
You kill the jackal!
Trog accepts your kill.
You closely miss the jackal. You hit the jackal. The jackal misses you.
The jackal bites you. x2
You hit the jackal.
You kill the jackal!
Trog accepts your kill.
You barely miss the jackal. The jackal completely misses you.
You barely miss the jackal. You miss the frilled lizard. The jackal bites you.
The frilled lizard bites you. The jackal barely misses you.
You are too injured to fight recklessly!
You are too injured to fight recklessly!
Unknown command.
You closely miss the frilled lizard. You barely miss the jackal.
The jackal completely misses you. The frilled lizard barely misses you.
The jackal bites you but does no damage.
You closely miss the frilled lizard. You hit the jackal.
The frilled lizard bites you. The jackal bites you.
* * * LOW HITPOINT WARNING * * *
The frilled lizard bites you.
* * * LOW HITPOINT WARNING * * *
You closely miss the frilled lizard. You hit the jackal. The jackal bites you.
* * * LOW HITPOINT WARNING * * *
The jackal bites you.
* * * LOW HITPOINT WARNING * * *
The frilled lizard misses you.
You hit the frilled lizard but do no damage.
You closely miss the jackal. The jackal bites you.
You die...

......# ......#
.....## # ##+### #.
### .# #.# ..### .)
#.###.#.#.# #..
!..... #######
#.###h#.##
#.....###.#.†@l.=#
##.###.#...#.#.#.##
###..# #.#.#.).###
..
...#.###.#.#.###.##
.#
###.................
..
#########....#####
## ######


You could see a jackal and a frilled lizard.

Vanquished Creatures
  2 endoplasms (D:1)
  3 giant cockroaches (D:1)
  3 hobgoblins (D:1)
  3 jackals (D:1)
  2 quokkas (D:1)
  A bat (D:1)
  A frilled lizard (D:1)
  2 kobolds (D:1)
  A rat (D:1)
18 creatures vanquished.

Notes
Turn   | Place    | Note
-------+----------+-------------------------------------------
     0 | D:1      | Juicyj the Naga Berserker began the quest for the Orb.
     0 | D:1      | Reached XP level 1. HP: 21/21 MP: 1/1
   204 | D:1      | Found a faded altar of an unknown god.
   210 | D:1      | Reached XP level 2. HP: 28/28 MP: 2/2
   361 | D:1      | Reached skill level 1 in Stealth
   610 | D:1      | HP: 1/27 [jackal (2)]
   611 | D:1      | Slain by a jackal

Illustrated notes

Levels and vault maps discovered:
D:1:      psy_arrival_spokes, layout_loops_cross,
          hellmonk_ecumenical_altar_slurped_away, hex_medium, roderic_lattice_a,
          kennysheep_flooded_box, minmay_indecisive_spiral

Skill      XL: |  1  2 |
---------------+-------+-----
Stealth        | 1 |  1.4
Fighting       | |  3.2
Axes           | |  3.3
Armour         | |  1.7
Dodging        | |  1.7

Action                     || total
---------------------------++-------
  Melee: Hand axe          ||    58
Ability: Spit Poison       ||     1
 Armour: Animal skin       ||    17
  Dodge: Dodged            ||    40
